 Dungeon Crawl Stone Soup version 0.32-a0-913-g739538afd8 (webtiles) character file.

Game seed: 2381063425790850447

448 GeoRichter the Slasher (level 6, -6/72 HPs)
             Began as a Demonspawn Warper on Apr 9, 2024.
             Was a Follower of Uskayaw.
             Blown up by Ijyb (11 damage)
             ... with a mindburst bolt
             ... on level 3 of the Dungeon.
             The game lasted 00:06:00 (3155 turns).

GeoRichter the Slasher (Demonspawn Warper)          Turns: 3155, Time: 00:06:01

Health: -6/72      AC: 23    Str: 12    XL:     6   Next: 73%
Magic:  9/9        EV:  2    Int: 13    God:    Uskayaw [*.....]
Gold:   227        SH:  0    Dex: 14    Spells: 9/9 levels left

rFire   . . .        q - +3 dagger
rCold   . . .        (no shield)
rNeg    + . .        b - melded +0 leather armour
rPois   +            (helmet currently unavailable)
rElec   .            g - melded +1 cloak
rCorr   .            (gloves currently unavailable)
SInv    .            k - melded +0 pair of boots
Will    .....        m - amulet of the acrobat
Stlth   +            h - ring of positive energy
HPRegen 0.32/turn    (no ring)
MPRegen 0.11/turn

%: acrobat
@: mighty, tree-form
A: stationary, stasis, torment immunity, boosted hp, (large bone plates 1), foul
stench 1, powered by pain 2
a: Renounce Religion, Stomp


You were on level 3 of the Dungeon.
You worshipped Uskayaw.
Uskayaw was noncommittal.
You were a tree.
You visited 1 branch of the dungeon, and saw 4 of its levels.

You collected 227 gold pieces.

Inventory:

Hand Weapons
 q - a +3 dagger (weapon)
   (You took it off a goblin on level 2 of the Dungeon)
 s - a +0 long sword
   (You found it on level 3 of the Dungeon)
Missiles
 d - 7 darts of dispersal (quivered) {!f}
Armour
 b - a +0 leather armour (melded)
 c - a scarf of resistance
   (You acquired it on level 2 of the Dungeon)
 g - a +1 cloak (melded)
   (You found it on level 1 of the Dungeon)
 j - a +0 helmet
   (You took it off Robin on level 4 of the Dungeon)
 k - a +0 pair of boots (melded)
   (You found it on level 3 of the Dungeon)
Jewellery
 h - a ring of positive energy (left branch)
   (You found it on level 1 of the Dungeon)
 m - an amulet of the acrobat (around neck)
   (You found it on level 1 of the Dungeon)
Scrolls
 a - 3 scrolls of enchant armour {unknown}
 e - a scroll of silence {unknown}
 f - a scroll of teleportation {@r4}
 i - a scroll of immolation {unknown}
 l - a scroll of revelation
 n - a scroll of noise {!r}
 o - a scroll of enchant weapon {unknown}
 r - a scroll of poison {unknown}


   Skills:
 - Level 4.0 Fighting
 * Level 5.5 Long Blades
 - Level 0.8 Throwing
 - Level 0.8 Armour
 - Level 1.7 Dodging
 - Level 2.0 Spellcasting
 - Level 2.6 Translocations
 + Level 2.1 Invocations


You had 9 spell levels left.
You didn't know any spells.
Your spell library contained the following spells:

 Spells                   Type           Power      Damage    Failure   Level
 Apportation              Tloc           16%        N/A       9%          1
 Blink                    Tloc           16%        N/A       13%         2
 Lesser Beckoning         Tloc           16%        N/A       13%         2
 Maxwell's Portable Pile  Tloc           8%         2d(6-16)  26%         3
 Teleport Other           Tloc           8%         N/A       26%         3
 Call Imp                 Summ           2%         N/A       36%         2
 Cigotuvi's Dreadful Rot  Necr/Alch/Air  2%         N/A       36%         2
 Jinxbite                 Hex            2%         N/A       36%         2
 Sublimation of Blood     Necr           1%         N/A       36%         2
 Vhi's Electric Charge    Tloc/Air       8%         N/A       82%         4
 Ignite Poison            Fire/Alch      1%         N/A       94%         4
 Alistair's Intoxication  Alch           0%         N/A       100%        5
 Freezing Cloud           Conj/Ice/Air   0%         6-21      100%        5
 Conjure Ball Lightning   Conj/Air       0%         3x3d6     100%        6
 Summon Hydra             Summ           0%         N/A       100%        7
 Discord                  Hex            0%         N/A       100%        8
 Disjunction              Tloc           4%         N/A       100%        8


Dungeon Overview and Level Annotations

Branches:
Dungeon (4/15) Zot: 20852
 Temple: D:4-7

Altars:
Cheibriados
Hepliaklqana
Kikubaaqudgha
Sif Muna
Trog
Uskayaw
Vehumet
Wu Jian
Xom

Annotations:
D:3 Ijyb


Innate Abilities, Weirdness & Mutations

You are a tree.
Your roots penetrate the ground, keeping you stationary.
You cannot be teleported.
You are immune to unholy pain and torment.
Your maximum health is greatly increased.
Your equipment is partially melded.
((You are partially covered in large bone plates. (SH +4)))
You may rarely emit foul miasma when damaged in melee.
You sometimes gain power by taking damage.


Message History

You hit Natasha.
Natasha is moderately wounded.
Natasha zaps a wand.
The puff of flame hits you.
Ijyb shouts!
You hit Natasha.
Natasha is severely wounded.
Natasha claws you.
You can now pass through a line of other dancers.
Unknown command.
You hit Natasha.
Natasha is severely wounded.
Unknown command.
You hit Natasha.
You kill Natasha!
Natasha screams in pain as she dies!
Your Invocations skill increases to level 2!
Okay, then.
Ijyb hits you but does no damage.
You hit Ijyb but do no damage. Ijyb hits you but does no damage.
You turn into a tree.
Your +1 cloak melds into your body.
Your +0 pair of boots melds into your body.
Your +0 leather armour melds into your body.
Your roots penetrate the ground.
Ijyb hits you but does no damage.
You can no longer pass through a line of other dancers.
You barely miss Ijyb.
Ijyb zaps a wand.
Your mind is blasted!
* * * LOW HITPOINT WARNING * * *
You focus on the pain.
You feel very mighty all of a sudden.
You closely miss Ijyb. Ijyb hits you with a +0 dagger.
* * * LOW HITPOINT WARNING * * *
You hit Ijyb but do no damage. Ijyb hits you but does no damage.
Unknown command.
You closely miss Ijyb.
Unknown command.
You completely miss Ijyb. Ijyb hits you but does no damage.
Unknown command.
You hit Ijyb but do no damage.
Ijyb zaps a wand.
Your mind is blasted!
* * * LOW HITPOINT WARNING * * *
You barely miss Ijyb. Ijyb hits you with a +0 dagger.
* * * LOW HITPOINT WARNING * * *
You closely miss Ijyb.
Ijyb zaps a wand.
Your mind is blasted!
You die...
Ijyb moans, "Good help so hard to find!"

##### #.## #...# ###.##
#...###### #....# #####
#...#....###########.#..#
....#####.....).................#
..............)>.###########.##.#
#...#####......)...#<.........#.#
#...# ####.......#..........#.#
....# #....♣g.#.########.#.#
#...########.##.#†.#.# #....#.#
.............##.#..#.# #.####.#
#...###########.#..#.# #.####.#
#...# #.#..#.#####......# ....#
#.#..............†# ....#
#.########..P.P.P.. ....#
#..........P..PP... ....#
##.#######..P...P♣P.


You could see Ijyb.

Vanquished Creatures
  A scorpion (D:4)
  2 bombardier beetles (D:3)
  2 hounds (D:4)
  A gnoll bouda (D:3)
  An iguana (D:4)
  Natasha (twice) (D:3)
  Robin (D:4)
  6 gnolls
  4 adders
  A ribbon worm (D:2)
  A dart slug (D:4)
  An orc (D:3)
  4 ball pythons
  5 bats
  5 endoplasms
  5 goblins
  10 hobgoblins
  5 quokkas
  2 frilled lizards (D:1)
  3 kobolds
  3 rats
65 creatures vanquished.

Notes
Turn   | Place    | Note
-------+----------+-------------------------------------------
     0 | D:1      | GeoRichter the Demonspawn Warper began the quest for the
                  | Orb.
     0 | D:1      | Reached XP level 1. HP: 16/16 MP: 3/3
   117 | D:1      | Reached skill level 2 in Long Blades
   190 | D:1      | Gained mutation: You may rarely emit foul miasma when
                  | damaged in melee. [demonic ancestry]
   190 | D:1      | Reached XP level 2. HP: 22/22 MP: 5/5
   714 | D:2      | Gained mutation: You are partially covered in large bone
                  | plates. (SH +4) [demonic ancestry]
   714 | D:2      | Reached XP level 3. HP: 28/28 MP: 6/6
   785 | D:2      | Found a shimmering altar of Xom.
   947 | D:2      | Reached skill level 3 in Long Blades
  1272 | D:3      | Found a faded altar of an unknown god.
  1393 | D:3      | Noticed Natasha
  1395 | D:3      | Noticed Ijyb
  1468 | D:2      | Identified a scroll of acquirement
  1469 | D:2      | Acquired a scarf of resistance
  1587 | D:3      | Gained mutation: You sometimes gain a little power by
                  | taking damage. [demonic ancestry]
  1587 | D:3      | Reached XP level 4. HP: 19/35 MP: 7/7
  1860 | D:3      | Found a shimmering blue altar of Sif Muna.
  1861 | D:3      | Found a hide-covered altar of Uskayaw.
  1866 | D:3      | Found a bloodstained altar of Trog.
  1867 | D:3      | Found a snail-covered altar of Cheibriados.
  1869 | D:3      | Found a hazy altar of Hepliaklqana.
  1870 | D:3      | Found an ancient bone altar of Kikubaaqudgha.
  1879 | D:3      | Found an ornate altar of the Wu Jian Council.
  1886 | D:3      | Found a radiant altar of Vehumet.
  1964 | D:3      | Killed Natasha
  1994 | D:3      | Became a worshipper of Uskayaw the Reveller
  2076 | D:3      | Reached skill level 4 in Long Blades
  2104 | D:3      | Reached * piety under Uskayaw
  2111 | D:3      | Reached ** piety under Uskayaw
  2117 | D:3      | Reached XP level 5. HP: 17/41 MP: 8/8
  2338 | D:4      | Reached *** piety under Uskayaw
  2543 | D:4      | Gained mutation: You sometimes gain power by taking damage.
                  | [demonic ancestry]
  2543 | D:4      | Reached XP level 6. HP: 47/48 MP: 9/9
  2602 | D:4      | Reached skill level 5 in Long Blades
  2607 | D:4      | HP: 2/48 [gnoll/+0 halberd (7)]
  2802 | D:4      | Reached skill level 1 in Invocations
  2861 | D:4      | Noticed Robin
  2968 | D:4      | Killed Robin
  3131 | D:3      | Noticed Natasha
  3141 | D:3      | Killed Natasha
  3155 | D:3      | Blown up by Ijyb

Illustrated notes

Levels and vault maps discovered:
D:1:      lightli_iron_boxes, layout_rooms, dreamdust_princess_corridor
D:2:      layout_basic, basic_altar
D:3:      layout_basic, nicolae_overflow_hallway_of_the_gods,
          dreamdust_ecumenical_altar_grove, kennysheep_crisscross, uniq_natasha,
          uniq_ijyb
D:4:      layout_loops_ring, serial_co_window_serial, co_window_paths_a,
          co_window_paths_a, co_window_of_opportunity_a, co_window_paths_b,
          co_window_paths_a, co_window_of_opportunity_a, co_window_corner_a,
          co_window_paths_c, co_window_unsneaky_path_b,
          co_window_of_opportunity_b, co_window_sun, co_window_4corner_a,
          glass_columns_c, glass_columns_c, glass_columns_a,
          grunt_decor_resistance, st_stairs_8, chequers_serial_rivers_micro_b,
          nicolae_goblin_pals

Skill      XL: |  1  2  3  4  5  6 |
---------------+-------------------+-----
Long Blades    | 2 3 4 5 |  5.5
Fighting       | 3 4 |  4.0
Invocations    | 2 |  2.1
Throwing       | |  0.8
Armour         | |  0.8
Dodging        | |  1.7
Spellcasting   | |  2.0
Translocations | |  2.6

Action                     |  1- 3 |  4- 6 || total
---------------------------+-------+-------++-------
  Melee: Falchion          |    72 |       ||    72
         Dagger            |    45 |   176 ||   221
 Invoke: Stomp             |       |     3 ||     3
    Use: Scroll            |     6 |     3 ||     9
         Potion            |     2 |     1 ||     3
   Stab: Paralysed         |       |     2 ||     2
 Armour: Leather armour    |    63 |    70 ||   133
         Skin              |       |     5 ||     5
  Dodge: Dodged            |    92 |    71 ||   163
  Block: Other             |    11 |    29 ||    40

Table legend: (Time is in decaauts)
 A = Elapsed time spent in this place.
 B = Non-inter-level travel time spent in this place.
 C = Inter-level travel time spent in this place.
 D = Time resting spent in this place.
 E = Time spent auto-exploring this place.
 F = Levels seen in this place.
 G = Mean time per level.
                   A        B        C        D        E       F      G
               +--------+--------+--------+--------+--------+-----+--------+
         Total |   3146 |   3044 |    102 |    265 |   1975 |   4 |  786.5 |
       Dungeon |   3146 |   3044 |    102 |    265 |   1975 |   4 |  786.5 |
               +--------+--------+--------+--------+--------+-----+--------+

Top non-repeatable levels by time:
     D:3: 1085 daAuts
     D:2: 772 daAuts
     D:4: 734 daAuts
     D:1: 553 daAuts
